AoeStats
← hightower_208

Lombardia

507326546Analyzed
2v2 RM · 15d ago on Sep 17, 2026· 39m 39s· 4 players
Game mode
Random Map
Map size
Medium (4 player)
Population
200
Speed
Normal
Resources
Standard
Victory
Conquest
Starting age
Dark Age
Ending age
Imperial Age
RankedLock teamsTeams togetherTeam positionsShared explorationLock speedFull tech treeHidden civsTurbo modeCheats
Victory
Defeat
🇩🇪 Hindustanis · Germany
1679
+15
🇩🇪 Ethiopians · Germany
1629
+17
🇫🇷 Saracens · France
1708
-18
🇵🇪 Vikings · Peru
1613
-14
hightower_208
6:27 Loom
8:46 Feudal Age
11:09 Double-Bit Axe
18:11 Wheelbarrow
22:11 Castle Age
21:18 Bloodlines
21:32 Scale Barding Armor
22:24 Forging
22:06 Gold Mining
26:19 Bow Saw
26:47 Horse Collar
28:16 Heavy Plow
29:22 Chain Barding Armor
30:35 Husbandry
32:53 Iron Casting
32:36 Town Watch
33:08 Hand Cart
37:53 Imperial Age
39:10 Plate Barding Armor
38:03 Heavy Camel Rider
40:24 Blast Furnace
Mjoelnir
6:02 Loom
8:50 Feudal Age
11:10 Fletching
13:24 Double-Bit Axe
24:51 Castle Age
25:09 Crossbowman
25:55 Thumb Ring
25:46 Bodkin Arrow
26:45 Bow Saw
27:57 Horse Collar
31:32 Ballistics
33:41 Wheelbarrow
38:45 Imperial Age
38:51 Padded Archer Armor
39:29 Bracer
40:31 Chemistry
39:35 Arbalester
Minimath
8:16 Loom
10:40 Feudal Age
9:29 Loom
15:23 Castle Age
13:45 Double-Bit Axe
18:53 Horse Collar
25:49 Bow Saw
28:54 Wheelbarrow
28:36 Fletching
31:04 Squires
32:25 Gold Mining
33:25 Crossbowman
35:24 Thumb Ring
36:15 Ballistics
36:17 Bodkin Arrow
36:33 Padded Archer Armor
38:46 Leather Archer Armor
LvSP | cePeD
5:52 Loom
8:32 Feudal Age
9:32 Double-Bit Axe
13:35 Horse Collar
25:54 Castle Age
24:43 Fletching
26:17 Gold Mining
26:36 Bodkin Arrow
26:25 Elite Skirmisher
33:38 Ballistics
34:38 Padded Archer Armor
38:35 Masonry
Connection lost

Rejoining the realm…

Still unreachable

The connection could not be restored.

Session expired

The server has moved on; the page needs a fresh start.